 Dungeon Crawl Stone Soup version 0.27.1-1-g398f81649c (webtiles) character file.

Game seed: 7563426886574894188

198 101zpm the Covered (level 5, -2/33 HPs)
             Began as a Gargoyle Fighter on Sept 21, 2021.
             Slain by a phantom (6 damage)
             ... on level 4 of the Dungeon.
             The game lasted 00:05:57 (4052 turns).

101zpm the Covered (Gargoyle Fighter)               Turns: 4052, Time: 00:05:59

Health: -2/33      AC: 14    Str: 21    XL:     5   Next: 76%
Magic:  5/5        EV:  8    Int:  8    God:
Gold:   172        SH: 10    Dex: 15    Spells: 4/4 levels left

rFire    . . .     SeeInvis .   a - +0 flail
rCold    . . .     Faith    .   c - +0 kite shield
rNeg     + . .     Spirit   .   b - +0 scale mail
rPois    ∞         Reflect  .   j - +2 helmet
rElec    +         Harm     .   (no cloak)
rCorr    .         Rampage  .   (no gloves)
Will     .....                  (no boots)
Stlth    ..........             (no amulet)
HPRegen  0.11/turn              l - +6 ring of dexterity
MPRegen  0.09/turn              (no ring)

@: no status effects
A: sickness immunity, AC +4, negative energy resistance 1, electricity
resistance, torment resistance 1, petrification resistance
a: no special abilities


You were on level 4 of the Dungeon.
You visited 1 branch of the dungeon, and saw 4 of its levels.

You collected 172 gold pieces.

Inventory:

Hand Weapons
 a - a +0 flail (weapon)
Missiles
 i - 147 stones (quivered)
 m - a throwing net
Armour
 b - a +0 scale mail (worn)
 c - a +0 kite shield (worn)
 j - a +2 helmet (worn)
Jewellery
 l - a +6 ring of dexterity (left hand)
Scrolls
 e - a scroll of fear
 k - a scroll of identify
 o - a scroll of enchant weapon
 p - a scroll of immolation
 q - a scroll of teleportation {unknown}
Potions
 d - a potion of might
 f - a potion of lignification {unknown}
 g - a potion of brilliance {unknown}
 h - 2 potions of heal wounds
 n - 4 potions of curing {unknown}


   Skills:
 + Level 3.7 Fighting
 + Level 3.3 Maces & Flails
 + Level 4.6 Armour
 + Level 0.7 Dodging
 + Level 0.1 Stealth
 + Level 4.5 Shields


You had 4 spell levels left.
You didn't know any spells.
Your spell library was empty.

Dungeon Overview and Level Annotations

Branches:
Dungeon (4/15)
 Temple: D:4-7

Altars:

Shops:
D:3 (


Innate Abilities, Weirdness & Mutations

You are immune to sickness and miasma.
Your stone body is resilient. (AC +4)
You are immune to poison.
You resist negative energy. (rN+)
You are resistant to electric shocks. (rElec)
You are resistant to unholy torment.
You are immune to petrification.


Message History

The phantom is severely damaged.
The ogre shouts!
The phantom hits you but does no damage.
You hit the phantom.
The phantom is severely damaged.
You block the phantom's attack.
The phantom hits you but does no damage.
You hit the phantom.
The phantom is severely damaged.
You hear the hiss of an avalanche of sand very nearby.
The phantom barely misses you.
A ball python comes into view.
The ball python hisses angrily.
You hit the phantom but do no damage.
The phantom is severely damaged.
The phantom hits you but does no damage.
You closely miss the phantom.
The phantom is severely damaged.
The phantom closely misses you.
A hobgoblin comes into view. It is wielding a +0 mace.
You block the ogre's attack.
The phantom hits you but does no damage.
You closely miss the phantom.
The phantom is severely damaged.
The hobgoblin shouts!
The phantom hits you but does no damage.
The ogre closely misses you.
You closely miss the phantom.
The phantom is severely damaged.
You block the phantom's attack. The ogre closely misses you.
The phantom barely misses you. You block the ball python's attack.
The ball python closely misses you.
You closely miss the phantom.
The phantom is severely damaged.
The ogre hits you with a +0 giant club!!
Ouch! That really hurt!
* * * LOW HITPOINT WARNING * * *
The ball python barely misses you. The ball python closely misses you.
The phantom hits you.
You die...

...........>>..# ...
............##....# ..
............##.##.# .
..................####+#
.............#'##......#
........#..#.......#####
........#..#.......#
.......W...........#####
....g.O@...##......'....
......S.....<......#####
........#+##............
....................#...
.......## .##.......#...
####### #. #..)....#...
# #.......#...
#.........#...
#......###.#.##


You could see a phantom, an ogre, a hobgoblin and a ball python.

Vanquished Creatures
  A jelly (D:3)
  A hound skeleton (D:4)
  A howler monkey zombie (D:3)
  Robin (D:2)
  5 adders
  2 dart slugs
  2 orcs (D:3)
  10 endoplasms
  A giant cockroach (D:1)
  13 hobgoblins
  3 jackals (D:1)
  7 kobolds
  2 quokkas
  6 ball pythons
  4 bats
  2 frilled lizards (D:1)
  10 goblins
  6 rats
77 creatures vanquished.

Notes
Turn   | Place    | Note
-------+----------+-------------------------------------------
     0 | D:1      | 101zpm the Gargoyle Fighter began the quest for the Orb.
     0 | D:1      | Reached XP level 1. HP: 14/14 MP: 1/1
   164 | D:1      | Reached XP level 2. HP: 14/19 MP: 2/2
   536 | D:1      | Found a faded altar of an unknown god.
   868 | D:1      | Reached XP level 3. HP: 23/23 MP: 3/3
  1596 | D:2      | Noticed Robin
  1940 | D:2      | Killed Robin
  2062 | D:2      | Reached XP level 4. HP: 27/29 MP: 4/4
  3073 | D:3      | Found Acocyom's Antique Weapon Shop.
  3306 | D:3      | Reached XP level 5. HP: 28/33 MP: 5/5
  3811 | D:4      | Noticed an ogre
  4029 | D:4      | Noticed a phantom
  4052 | D:4      | Slain by a phantom

Illustrated notes

Levels and vault maps discovered:
D:1:      tarquinn_simple_flora_water_e, layout_loops_corners,
          ebering_ecumenical_altar_sacrificial, minmay_tromino_i2
D:2:      minmay_general_purpose_star, layout_rooms, uniq_robin
D:3:      layout_basic, serial_shops, shop
D:4:      layout_basic, nicolae_ossuary_entry_ruins, chequers_mini_garden

Skill      XL: |  1  2  3  4  5 |
---------------+----------------+-----
Armour         | 4 |  4.6
Shields        | 4 |  4.5
Maces & Flails | 3 |  3.3
Fighting       | |  3.7
Dodging        | |  0.7
Stealth        | |  0.1

Action                   |  1- 3 |  4- 6 || total
-------------------------+-------+-------++-------
Melee: Flail             |   120 |   178 ||   298
Throw: Stone             |       |     3 ||     3
  Use: Scroll            |       |     3 ||     3
Armor: Scale mail        |    77 |   103 ||   180
Dodge: Dodged            |    38 |    72 ||   110
Block: Kite shield       |    71 |   119 ||   190
